 Dungeon Crawl Stone Soup version 0.31.0-11-ge490571c62 (webtiles) character file.

Game seed: 1360522773522822415

959 SnakkuSnakku7 the Basher (level 7, -1/50 HPs)
             Began as an Armataur Hedge Wizard on Jan 27, 2024.
             Was an Initiate of the Shining One.
             Slain by an ogre
             ... wielding a +0 giant club
              (21 damage)
             ... on level 5 of the Dungeon.
             The game lasted 00:06:05 (5535 turns).

SnakkuSnakku7 the Basher (Armataur Hedge Wizard)    Turns: 5535, Time: 00:06:06

Health: -1/50      AC: 13    Str: 16 (17) XL:     7   Next: 92%
Magic:  20/20      EV:  2    Int: 14      God:    the Shining One [......]
Gold:   250        SH:  0    Dex:  9 (10) Spells: 10/11 levels left

rFire   . . .        a - +0 flail
rCold   . . .        (no shield)
rNeg    . . .        l - +0 plate armour
rPois   .            c - +0 hat
rElec   .            (no cloak)
rCorr   .            x - +0 pair of gloves
SInv    .            (no barding)
Will    .....        (no amulet) Stlth
                     o - ring of magical power
HPRegen 1.58/turn    r - +4 ring of protection
MPRegen 0.83/turn

%: roll
@: glowing
A: large, deformed body, tough skin 3, armoured tail, roll 2
a: Renounce Religion


You were on level 5 of the Dungeon.
You worshipped the Shining One.
The Shining One was noncommittal.
You visited 2 branches of the dungeon, and saw 6 of its levels.

You collected 250 gold pieces.

Inventory:

Hand Weapons
 a - a +0 flail (weapon)
 f - a +0 dagger
Armour
 b - a +0 robe
 c - a +0 hat (worn)
 k - a +0 scale mail
 l - a +0 plate armour (worn)
 x - a +0 pair of gloves (worn)
Jewellery
 o - a ring of magical power (left hand)
 r - a +4 ring of protection (right hand)
Scrolls
 e - a scroll of amnesia {unknown}
 g - a scroll of vulnerability {unknown}
 i - a scroll of fear {unknown}
 m - a scroll of noise {unknown}
 n - a scroll of silence {unknown}
 s - 4 scrolls of identify {unknown}
 t - a scroll of immolation {unknown}
 v - a scroll of fog {unknown}
 w - 6 scrolls of teleportation {unknown}
 y - a scroll of enchant armour {unknown}
Potions
 d - a potion of magic
 h - a potion of might
 j - a potion of lignification
 p - a potion of cancellation {unknown}
 q - 2 potions of enlightenment
 u - a potion of brilliance {unknown}


   Skills:
 + Level 8.3 Maces & Flails
 - Level 1.3 Dodging
 - Level 2.1 Stealth
 - Level 2.6 Spellcasting
 - Level 0.8 Conjurations
 - Level 0.7 Summonings
 - Level 1.0 Translocations


You had 10 spell levels left.
You knew the following spells:

 Your Spells              Type           Power      Damage    Failure   Level
a - Magic Dart            Conj           16%        1d3       100%        1

Your spell library contained the following spells:

 Spells                   Type           Power      Damage    Failure   Level
 Shock                    Conj/Air       12%        1d3       100%        1
 Slow                     Hex            4%         N/A       100%        1
 Blink                    Tloc           8%         N/A       100%        2
 Call Imp                 Summ           6%         N/A       100%        2
 Cigotuvi's Dreadful Rot  Necr/Alch/Air  2%         N/A       100%        2
 Confusing Touch          Hex            1%         N/A       100%        3
 Hailstorm                Conj/Ice       3%         3d5       100%        3
 Mephitic Cloud           Conj/Alch/Air  2%         N/A       100%        3
 Sigil of Binding         Hex            1%         N/A       100%        3
 Summon Ice Beast         Ice/Summ       2%         N/A       100%        3
 Swiftness                Air            1%         N/A       100%        3
 Vampiric Draining        Necr           1%         2d6       100%        3
 Airstrike                Air            0%         2d(1-17)  100%        4
 Sculpt Simulacrum        Ice/Alch       0%         N/A       100%        6


Dungeon Overview and Level Annotations

Branches:
Dungeon (5/15)             Temple (1/1) D:4

Altars:
Ashenzari
Cheibriados
Dithmenos
Fedhas
Gozag
Hepliaklqana
Makhleb
Nemelex Xobeh
Okawaru
Qazlal
Ru
Sif Muna
Uskayaw
Vehumet
Wu Jian
Yredelemnul
The Shining One


Innate Abilities, Weirdness & Mutations

Armour fits poorly on your strangely shaped body.
You have extremely tough skin. (AC +3)
You have a long armoured tail.
You regenerate magic and health when rolling toward enemies. (Rampage Regen)


Message History

The centaur shoots an arrow.
The arrow hits you but does no damage.
There is a stone staircase leading up here.
You start waiting.
A centaur is nearby!
You hit the centaur.
The centaur is moderately wounded.
The centaur unwields a +0 orcbow.
The centaur hits you.
The centaur kicks you but does no damage.
The centaur hits you but does no damage.
The centaur kicks you but does no damage.
You sock the centaur! You tail-slap the centaur!
You kill the centaur!
No target in view!
No target in view!
You see here a +0 orcbow.
There is a stone staircase leading up here.
HP restored.
Found an escape hatch in the floor.
w - 6 scrolls labelled RIFUICESURO (gained 1)
An ogre comes into view. It is wielding a +0 giant club.
The ogre shouts!
The ogre moves out of view.
n - a scroll labelled XICHURPH TEOFO An ogre is nearby!
An ogre is nearby!
You roll towards the ogre!
The ogre hits you but does no damage.
You hit the ogre.
The ogre is lightly wounded.
You hit the ogre.
The ogre is moderately wounded.
The ogre hits you with a +0 giant club!!
You hit the ogre but do no damage. You tail-slap the ogre!
The ogre is severely wounded.
The ogre hits you with a +0 giant club!
You hit the ogre.
The ogre is severely wounded.
You hit the ogre.
The ogre is almost dead.
The ogre hits you with a +0 giant club!!
You die...

#......##...#####.....>##
.......####.######.......##
#...... #.# #.........##
....... ###.####.##......##
........#..................
##......#.##.......#.#....>
#.................#.......
.......#.#................
......O@.............>..
.......###.$.#####......
....>.. ..#.# ......
....... ...#.# .....
##.#... #.#.. ..... #. #...
.. .. ...## # #.## .# ...
.. .. .#


You could see an ogre.

Vanquished Creatures
  Eustachio (D:4)
  An ogre (D:4)
  A centaur (D:5)
  2 scorpions
  2 bombardier beetles
  2 hounds
  An orc priest (D:4)
  2 sleepcaps
  An orc wizard (D:4)
  A gnoll bouda (D:4)
  7 adders
  13 gnolls
  2 ribbon worms
  3 dart slugs
  11 orcs (D:4)
  7 ball pythons
  4 bats
  5 endoplasms
  2 giant cockroaches
  9 goblins
  6 hobgoblins
  2 jackals
  A quokka (D:1)
  A frilled lizard (D:2)
  6 kobolds
  6 rats
99 creatures vanquished.

Notes
Turn   | Place    | Note
-------+----------+-------------------------------------------
     0 | D:1      | SnakkuSnakku7 the Armataur Hedge Wizard began the quest for
                  | the Orb.
     0 | D:1      | Reached XP level 1. HP: 14/14 MP: 4/4
    96 | D:1      | Reached skill level 1 in Maces & Flails
   128 | D:1      | Reached XP level 2. HP: 19/20 MP: 5/5
   584 | D:1      | Reached skill level 2 in Maces & Flails
   803 | D:2      | Reached XP level 3. HP: 14/26 MP: 7/7
  1031 | D:2      | Reached skill level 3 in Maces & Flails
  1241 | D:2      | Identified the +8 sling of Vimahon {speed, Fly rElec rF++
                  | Int+2}
  1705 | D:1      | Reached XP level 4. HP: 7/33 MP: 8/8
  2062 | D:2      | Reached skill level 4 in Maces & Flails
  2137 | D:3      | Reached XP level 5. HP: 38/38 MP: 9/9
  2247 | D:3      | Found an ornate altar of the Wu Jian Council.
  2598 | D:4      | Reached skill level 5 in Maces & Flails
  2601 | D:4      | Found a staircase to the Ecumenical Temple.
  2611 | Temple   | Entered the Ecumenical Temple
  2638 | Temple   | Became a worshipper of the Shining One
  2668 | D:4      | Found a hide-covered altar of Uskayaw.
  3114 | D:4      | Reached XP level 6. HP: 10/45 MP: 10/10
  3561 | D:4      | Reached skill level 6 in Maces & Flails
  4076 | D:5      | Entered Level 5 of the Dungeon
  4080 | D:5      | Noticed Eustachio
  4516 | D:4      | Gained mutation: You regenerate magic and health when
                  | rolling toward enemies. (Rampage Regen) [Armataur growth]
  4516 | D:4      | Reached XP level 7. HP: 46/50 MP: 11/11
  4578 | D:4      | Killed Eustachio
  4579 | D:4      | Reached skill level 7 in Maces & Flails
  4849 | D:4      | The Shining One protects you from harm!
  5083 | D:5      | Noticed a yak
  5218 | D:5      | Reached skill level 8 in Maces & Flails
  5535 | D:5      | Slain by an ogre

Illustrated notes

Levels and vault maps discovered:
D:1:      kennysheep_arrival_seaside, layout_basic
D:2:      layout_basic
D:3:      layout_basic, marbit_many_paths, minmay_misc_feat_chi
D:4:      layout_layer_cave, mainiacjoe_overflow_boulevard,
          minmay_temple_entry_waves, uniq_crazy_yiuf_cottage
D:5:      layout_rooms, uniq_eustachio
Temple:   bh_familiar_temple

Skill      XL: |  1  2  3  4  5  6  7 |
---------------+----------------------+-----
Maces & Flails | 1 2 3 4 5 6 8 |  8.3
Dodging        | |  1.3
Stealth        | |  2.1
Spellcasting   | |  2.6
Conjurations   | |  0.8
Summonings     | |  0.7
Translocations | |  1.0

Action                     |  1- 3 |  4- 6 |  7- 9 || total
---------------------------+-------+-------+-------++-------
  Melee: Flail             |   116 |   219 |    82 ||   417
         Tailslap          |     9 |    27 |     9 ||    45
         Punch             |     1 |     2 |     6 ||     9
    Use: Potion            |       |     1 |     6 ||     7
   Stab: Sleeping          |     3 |       |       ||     3
 Armour: Robe              |    71 |       |       ||    71
         Plate armour      |    15 |   289 |   138 ||   442
         Scale mail        |    12 |       |       ||    12
         Skin              |       |       |    47 ||    47
  Dodge: Dodged            |    71 |    25 |    13 ||   109
